[Event "Team 45 45 League T46"]
[Site "Internet Chess Club"]
[Date "2010.08.21"]
[Round "3"]
[White "Speedy-Reedy"]
[Black "charles-allen"]
[Result "1-0"]
[WhiteElo "1898"]
[BlackElo "1851"]
[Opening "Petrov: modern attack, Symmetrical variation"]
[ECO "C43"]
[Time "08:00:23"]
[TimeControl "2700+45"]

1. e4 e5 2. Nf3 Nf6 3. d4 Nxe4 4. Bd3 d5 5. Nxe5 Nd7 6. Nxd7 Bxd7 7. O-O Qf6 8.
Bxe4 dxe4 9. Nc3 O-O-O 10. Nxe4 Qg6 11. f3 h5 12. Bf4 Bh3 13. Rf2 Be7 14. Qd3 f5
15. Qc3 Qb6 16. Ng5 {Black resigns} 1-0

[Event "Team 45 45 League T46"]
[Site "Internet Chess Club"]
[Date "2010.08.28"]
[Round "3"]
[White "Constrictor"]
[Black "baumhauer"]
[Result "0-1"]
[WhiteElo "1699"]
[BlackElo "1916"]
[Opening "Bogo-Indian defense"]
[ECO "E11"]
[Time "11:01:26"]
[TimeControl "2700+45"]

1. Nf3 Nf6 2. d4 e6 3. c4 Bb4+ 4. Bd2 Be7 5. Nc3 d5 6. e3 c6 7. Bd3 O-O 8. Qc2
b6 9. O-O Ba6 10. cxd5 Bxd3 11. Qxd3 cxd5 12. Rac1 Nc6 13. a3 Na5 14. Ne5 Nd7
15. f4 f6 16. Nxd7 Qxd7 17. Ne2 Nc4 18. Bc3 f5 19. Rc2 a5 20. Kh1 b5 21. Be1 b4
22. axb4 axb4 23. b3 Na3 24. Rc1 Rfc8 25. Bd2 Qb5 26. Qxb5 Nxb5 27. Rxc8+ Rxc8
28. Rc1 Ra8 29. Rc2 Ra1+ 30. Nc1 Nc3 31. Kg1 g5 32. g3 Ne4 33. Be1 h5 34. Kg2
Rb1 35. Kf3 g4+ 36. Ke2 Kf7 37. Kd3 Bd6 38. Ke2 Ke7 39. Kd3 Kd7 40. Ke2 Nf6 41.
Kd3 Ne8 42. Bd2 Nc7 43. Ra2 Nb5 44. Kc2 Na3+ 45. Rxa3 Rxc1+ 46. Kxc1 bxa3 47.
Kb1 Kc6 48. Ka2 Kb5 49. Bc1 Bb4 50. Kb1 Be1 51. Kc2 Bxg3 52. hxg3 h4 53. gxh4 g3
54. Bd2 g2 55. h5 g1=Q {White resigns} 0-1

[Event "Team 45 45 League T46"]
[Site "Internet Chess Club"]
[Date "2010.08.19"]
[Round "3"]
[White "Fulvio"]
[Black "jorobo"]
[Result "1-0"]
[WhiteElo "2024"]
[BlackElo "2079"]
[Opening "Dutch: Ilyin-Genevsky variation"]
[ECO "A97"]
[Time "13:12:42"]
[TimeControl "2700+45"]

1. d4 e6 2. Nf3 f5 3. g3 Nf6 4. Bg2 Be7 5. c4 O-O 6. O-O Qe8 7. Nc3 d6 8. Rb1
Bd8 9. Bg5 e5 10. dxe5 dxe5 11. Nd5 e4 12. Ne1 Nbd7 13. Bf4 Nxd5 14. cxd5 g5 15.
Bd2 Nb6 16. f3 e3 17. Bb4 Rf6 18. f4 g4 19. Nd3 Rh6 20. Qc1 c6 21. dxc6 bxc6 22.
Bc5 Qh5 23. Qxe3 Nc4 24. Qc1 Qxh2+ 25. Kf2 Bh4 26. Rh1 Bxg3+ 27. Kf1 Qxh1+ 28.
Bxh1 Rxh1+ 29. Bg1 Be6 30. Kg2 Rh3 31. Kf1 Bd5 32. Nb4 Re8 33. Nxd5 cxd5 34. Qd1
Nb6 35. Bxb6 axb6 36. Qxd5+ Kh8 37. Qf7 Rh1+ 38. Kg2 Rxb1 39. Qxe8+ Kg7 40. Kxg3
{Black resigns} 1-0

[Event "Team 45 45 League T46"]
[Site "Internet Chess Club"]
[Date "2010.08.19"]
[Round "3"]
[White "Magagna"]
[Black "chess9793"]
[Result "0-1"]
[WhiteElo "1841"]
[BlackElo "1993"]
[Opening "Grünfeld: Stockholm variation"]
[ECO "D80"]
[Time "21:34:56"]
[TimeControl "2700+45"]

1. d4 Nf6 2. c4 g6 3. Nc3 d5 4. Bg5 Ne4 5. Nxe4 dxe4 6. e3 Bg7 7. Qc2 f5 8.
O-O-O Be6 9. Ne2 Bf7 10. Nc3 Nd7 11. Be2 Nf6 12. h3 Qd7 13. Rd2 O-O-O 14. b4 Kb8
15. a4 Rhe8 16. a5 h6 17. Bf4 g5 18. Bh2 Qc8 19. Nb5 Rd7 20. Qa4 a6 21. Nc3 Ka7
22. Rb2 Rdd8 23. b5 c5 24. bxc6 Qxc6 25. Qxc6 bxc6 26. Rb6 c5 27. dxc5 Nd7 28.
Na4 Nxb6 29. cxb6+ Kb7 30. Nc5+ Kc6 31. Nxa6 Ra8 32. c5 Bb3 33. Bb5+ Kxb5 34.
Nc7+ Kc6 35. Nxe8 Rxe8 36. a6 Bc4 37. a7 Ba6 38. Bc7 Kxc5 39. Kd2 Kc6 40. Rc1+
Kb7 41. Kc2 Rc8 42. Kb1 Bd3+ 43. Ka2 Be5 44. Rc5 Bxc7 45. Kb3 Kxb6 46. Rxc7 Kxc7
{White resigns} 0-1

[Event "Team 45 45 League T46"]
[Site "Internet Chess Club"]
[Date "2010.08.24"]
[Round "3"]
[White "Atlantis"]
[Black "Salvatore"]
[Result "0-1"]
[WhiteElo "1802"]
[BlackElo "1659"]
[Opening "Bogo-Indian defense"]
[ECO "E11"]
[Time "18:04:37"]
[TimeControl "2700+45"]

1. d4 Nf6 2. c4 e6 3. Nf3 Bb4+ 4. Bd2 Bxd2+ 5. Qxd2 O-O 6. Nc3 c6 7. e3 b6 8.
Bd3 d5 9. O-O Ba6 10. cxd5 Bxd3 11. Qxd3 cxd5 12. Rfc1 Nbd7 13. Rc2 Ne8 14. Rac1
Rc8 15. Ne2 Nd6 16. Rxc8 Nxc8 17. Qa6 Nf6 18. Ne5 Ne4 19. f3 Ned6 20. b3 Qg5 21.
Nf4 f6 22. Ng4 Re8 23. Nh3 Qg6 24. Nf4 Qf7 25. Nd3 h5 26. Ngf2 Qd7 27. Nf4 Qf7
28. Qd3 Ne7 29. Rc7 g5 30. Ne2 Ndc8 31. Qc3 Qg6 32. e4 Nd6 33. Qb4 Nec8 34. Nc3
a6 35. Qa4 a5 36. Qd7 Qf7 37. Qc6 Qf8 38. Kf1 Rd8 39. exd5 e5 40. dxe5 fxe5 41.
Nce4 g4 42. Ke2 Ne7 43. Qxb6 Nxd5 44. Qxa5 Nxc7 45. Qxc7 gxf3+ 46. gxf3 Nxe4 47.
Qc4+ Kh8 48. Qxe4 Qd6 49. Nd3 Re8 50. Qf5 Qh6 51. Nxe5 Qa6+ 52. Ke3 Qb6+ 53. Kf4
Qd4+ 54. Qe4 Rf8+ 55. Kg3 Qg1+ 56. Kh3 Qf1+ 57. Kg3 Rg8+ 58. Kf4 Qc1+ 59. Qe3
Rf8+ 60. Ke4 Qb1+ 61. Qd3 Qe1+ 62. Qe3 Qb4+ 63. Kd3 Rd8+ 64. Kc2 Rc8+ 65. Nc4
Qf8 66. Qe5+ Kg8 67. Qe6+ Kh7 68. Qd7+ Kh6 69. Qe6+ Kg5 70. Qe5+ Qf5+ 71. Qxf5+
Kxf5 72. Kd3 Kf4 73. Ke2 Ra8 74. a3 Re8+ 75. Kf2 Rb8 76. b4 h4 77. Nd6 h3 78.
Ke2 Rg8 79. Ne4 Rg2+ 80. Kd3 Rxh2 81. Kc3 Rg2 82. Nc5 h2 83. Nd3+ Kf5 84. Ne1
Re2 85. Nc2 Rxc2+ 86. Kxc2 h1=Q 87. Kb3 Qxf3+ 88. Ka4 Qa8+ 89. Kb3 Ke4 90. a4
Kd4 91. a5 Qa6 92. Ka4 Qa8 93. b5 Kc5 94. b6 Qb7 95. Kb3 Kb5 96. a6 Qxa6 97. b7
Qxb7 {White resigns} 0-1

[Event "Team 45 45 League T46"]
[Site "Internet Chess Club"]
[Date "2010.08.21"]
[Round "3"]
[White "ILRE"]
[Black "JohLeb"]
[Result "1-0"]
[WhiteElo "1483"]
[BlackElo "1315"]
[Opening "Sicilian defense"]
[ECO "B20"]
[Time "14:54:17"]
[TimeControl "2700+45"]

1. e4 c5 2. d3 Nc6 3. g3 d6 4. Bg2 Nf6 5. Nc3 g6 6. f4 e6 7. Nf3 Bg7 8. O-O O-O
9. h3 Bd7 10. Be3 Rb8 11. Qd2 Ne8 12. f5 exf5 13. exf5 Bxf5 14. g4 Be6 15. Bh6
f5 16. Bxg7 Kxg7 17. Rae1 fxg4 18. Ng5 Rxf1+ 19. Bxf1 Bf5 20. hxg4 Bxg4 21. Qf4
Ne5 22. Rxe5 Nf6 23. Ne6+ Bxe6 24. Rxe6 Qf8 25. Qxd6 Qxd6 26. Rxd6 a6 27. Bg2 h5
28. Ne4 Ng4 29. Nxc5 Ne3 30. Bxb7 Nxc2 31. Rd7+ Kh6 32. Nxa6 Rf8 33. Bg2 h4 34.
Nc5 Rf5 35. Ne4 g5 36. Rd6+ Kh5 37. Nf6+ Kg6 38. Be4 {Black resigns} 1-0

[Event "Team 45 45 League T46"]
[Site "Internet Chess Club"]
[Date "2010.08.20"]
[Round "3"]
[White "CoasterBrake"]
[Black "houseofcook"]
[Result "1/2-1/2"]
[WhiteElo "1232"]
[BlackElo "1435"]
[Opening "QGD: 3...Nf6"]
[ECO "D35"]
[Time "14:00:18"]
[TimeControl "2700+45"]

1. c4 e6 2. Nc3 Nf6 3. d4 d5 4. e4 dxe4 5. Bg5 Be7 6. g3 Nbd7 7. Bxf6 Nxf6 8.
Bg2 O-O 9. Nge2 Bd7 10. Nxe4 Rb8 11. O-O Nxe4 12. Bxe4 Bc6 13. d5 Bd7 14. Nf4
exd5 15. Nxd5 Bd6 16. Qd3 f5 17. Bg2 c6 18. Nc3 Bc7 19. Rad1 Be6 20. Qe3 Qe7 21.
Qxa7 Bxc4 22. Rfe1 Qf7 23. b3 Ba6 24. Qe3 Rfe8 25. Qf3 Rxe1+ 26. Rxe1 Re8 27.
Qd1 Ba5 28. Qc1 Kf8 29. Bf1 Bxf1 30. Qa3+ Kg8 31. Rxe8+ Qxe8 32. b4 Bc4 33. Qxa5
Qe1+ 34. Kg2 Qxc3 35. Qa8+ Kf7 36. Qxb7+ Kg6 37. Qxc6+ Kh5 38. Qe8+ g6 39. Qe7
Bd5+ 40. Kh3 Qd4 41. Qxh7+ Kg5 42. Qe7+ Kh6 43. Qf8+ Kg5 44. f4+ Kh5 45. Qe7 Kh6
46. Kh4 Qh8 47. g4 fxg4 48. Kxg4 Qg8 49. Qg5+ Kg7 50. Qe5+ Kh6 51. Qg5+ Kg7 52.
Qe5+ Kh6 53. Qg5+ {Game drawn by repetition} 1/2-1/2

[Event "Team 45 45 League T46"]
[Site "Internet Chess Club"]
[Date "2010.08.25"]
[Round "3"]
[White "blizzard13"]
[Black "Fogbound"]
[Result "0-1"]
[WhiteElo "1365"]
[BlackElo "1328"]
[Opening "Robatsch (modern) defense"]
[ECO "B06"]
[Time "14:00:45"]
[TimeControl "2700+45"]

1. e4 g6 2. Nf3 Bg7 3. d4 b6 4. Be3 Ba6 5. Bxa6 Nxa6 6. Qd3 Nb4 7. Qc4 a5 8. a3
Nc6 9. O-O h6 10. Nc3 Na7 11. a4 e6 12. e5 Ne7 13. d5 O-O 14. dxe6 fxe6 15. Qe2
Nf5 16. Bd2 Nc6 17. Nb5 Nb4 18. Bxb4 axb4 19. b3 c6 20. Nbd4 Nh4 21. Rad1 Qe7
22. g3 Nf5 23. Nxf5 Rxf5 24. Rd3 Ra5 25. Rfd1 Rd5 26. Rxd5 cxd5 27. g4 Rf4 28.
Rd4 Rxd4 29. Nxd4 Qg5 30. Kg2 Bxe5 31. Nf3 Qxg4+ 32. Kf1 Qh3+ 33. Ke1 Bc3+ 34.
Kd1 Qg4 35. Qd3 Bb2 36. Ke2 Qf5 37. h4 Qe4+ 38. Qxe4 dxe4 39. Nd2 d5 40. f3 Bc3
41. fxe4 Bxd2 42. Kxd2 dxe4 43. Ke3 Kf7 44. Kxe4 Kf6 45. Kd4 Kf5 46. Kc4 e5 47.
Kxb4 e4 48. Kc3 Kf4 49. Kd2 Kf3 50. Ke1 Ke3 51. b4 g5 52. a5 g4 53. axb6 g3 54.
b7 g2 {White resigns} 0-1

[Event "Team 45 45 League T46"]
[Site "Internet Chess Club"]
[Date "2010.08.21"]
[Round "3"]
[White "Gunter"]
[Black "bigdill"]
[Result "1-0"]
[WhiteElo "1191"]
[BlackElo "857"]
[Opening "King's knight opening"]
[ECO "C40"]
[Time "14:00:16"]
[TimeControl "2700+45"]

1. e4 e5 2. Nf3 Bd6 3. Nc3 c6 4. d4 exd4 5. Qxd4 Qf6 6. e5 c5 7. Qxd6 Qf5 8. Bd3
Qg4 9. O-O Qe6 10. Qxe6+ dxe6 11. Be3 b6 12. Nb5 Na6 13. Nd6+ Ke7 14. Nxc8+ Rxc8
15. Bxa6 Rb8 16. Rfd1 Nh6 17. Bxh6 gxh6 18. c3 Rhg8 19. h3 Rg7 20. Rd3 b5 21. b4
c4 22. Rd6 Rb6 23. Rxb6 axb6 24. Bxb5 f6 25. Bxc4 fxe5 26. Nxe5 Kd6 27. Re1 Ra7
28. Re2 Rc7 29. f4 Rb7 30. Rd2+ {Black resigns} 1-0

[Event "Team 45 45 League T46"]
[Site "Internet Chess Club"]
[Date "2010.08.19"]
[Round "3"]
[White "rookmaster23"]
[Black "smsxman"]
[Result "0-1"]
[WhiteElo "1438"]
[BlackElo "1434"]
[Opening "QGD: Marshall defense"]
[ECO "A50"]
[Time "13:00:12"]
[TimeControl "2700+45"]

1. d4 Nf6 2. c4 d5 3. cxd5 Nxd5 4. e4 Nf6 5. Nc3 e6 6. Nf3 Be7 7. Be2 Bd7 8. O-O
O-O 9. Bf4 Nc6 10. a3 a6 11. d5 exd5 12. exd5 Na7 13. Rc1 Re8 14. Re1 Bc5 15. b4
Bb6 16. a4 c6 17. d6 a5 18. b5 Ne4 19. Bc4 Bxf2+ 20. Kh1 Bxe1 21. Qxe1 Nxd6
{White resigns} 0-1

[Event "Team 45 45 League T46"]
[Site "Internet Chess Club"]
[Date "2010.08.23"]
[Round "3"]
[White "tryanything"]
[Black "krysto"]
[Result "1/2-1/2"]
[WhiteElo "1628"]
[BlackElo "1382"]
[Opening "French: Fort Knox variation"]
[ECO "C10"]
[Time "19:10:40"]
[TimeControl "2700+45"]

1. e4 e6 2. d4 d5 3. Nc3 dxe4 4. Nxe4 Bd7 5. Nf3 Bc6 6. Bd3 Nd7 7. O-O Ngf6 8.
Nxf6+ Nxf6 9. c3 Bd6 10. h3 Bxf3 11. Qxf3 c6 12. Bg5 Be7 13. Rfe1 Nd7 14. Bxe7
Qxe7 15. a3 Rd8 16. Rad1 h6 17. c4 Qf6 18. Qe3 Nb6 19. d5 cxd5 20. cxd5 Rxd5 21.
b4 O-O 22. Be4 Rxd1 23. Rxd1 Qe7 24. Qf3 Nd5 25. Bxd5 exd5 26. Qxd5 b6 27. Qd7
Qe2 28. Qd3 {Game drawn by mutual agreement} 1/2-1/2

[Event "Team 45 45 League T46"]
[Site "Internet Chess Club"]
[Date "2010.08.24"]
[Round "3"]
[White "LeanSixSigma"]
[Black "ars-felidae"]
[Result "1/2-1/2"]
[WhiteElo "1526"]
[BlackElo "1384"]
[Opening "QGD: 4.Bg5 Be7"]
[ECO "D53"]
[Time "08:00:11"]
[TimeControl "2700+45"]

1. d4 Nf6 2. c4 e6 3. Bg5 Be7 4. Nc3 d5 5. c5 Nc6 6. Nf3 b6 7. b4 bxc5 8. bxc5
O-O 9. e3 Ne4 10. Nxe4 dxe4 11. Bxe7 Qxe7 12. Nd2 f5 13. Bb5 Nb4 14. O-O Bb7 15.
a3 Nd5 16. Rc1 c6 17. Bc4 Qc7 18. Nb3 Rf6 19. Bxd5 exd5 20. f4 Ba6 21. Rf2 Rb8
22. Rb2 Bc4 23. Rc3 Qb7 24. Qc1 a5 {Game drawn by mutual agreement} 1/2-1/2

[Event "Team 45 45 League T46"]
[Site "Internet Chess Club"]
[Date "2010.08.19"]
[Round "3"]
[White "DrOMM"]
[Black "supraholic"]
[Result "1-0"]
[WhiteElo "1336"]
[BlackElo "1268"]
[Opening "QGD: classical variation (5.Bf4)"]
[ECO "D37"]
[Time "15:02:16"]
[TimeControl "2700+45"]

1. d4 d5 2. c4 e6 3. Nf3 Nf6 4. Nc3 Be7 5. Bf4 O-O 6. h3 b6 7. e3 Bb7 8. Be2
Nbd7 9. O-O c5 10. Ne5 cxd4 11. exd4 Rc8 12. Qa4 a5 13. Nxd7 Qxd7 14. Qxd7 Nxd7
15. cxd5 exd5 16. Bf3 Nf6 17. Rfe1 Bb4 18. Re3 Rfe8 19. Nb5 Rxe3 20. fxe3 Rc2
21. Rb1 Ba6 22. Nc7 Bb7 23. a3 Bd2 24. Bd1 Rc1 25. Rxc1 Bxc1 26. b4 Bxa3 27.
bxa5 bxa5 28. Bb3 Kf8 29. Kf2 h6 30. Ke2 Bc6 31. Kd3 a4 32. Ba2 Ke7 33. Be5 Bd6
34. Bxf6+ Kxf6 35. Nxd5+ Kg5 36. Ke2 Kf5 37. Kf2 Ke4 38. Nb6 Bc7 39. Bb1# {Black
checkmated} 1-0

[Event "Team 45 45 League T46"]
[Site "Internet Chess Club"]
[Date "2010.08.24"]
[Round "3"]
[White "kid6988"]
[Black "dscvdchk"]
[Result "0-1"]
[WhiteElo "1416"]
[BlackElo "1498"]
[Opening "Scandinavian gambit"]
[ECO "B01"]
[Time "15:03:21"]
[TimeControl "2700+45"]

1. e4 d5 2. exd5 Nf6 3. c4 c6 4. dxc6 Nxc6 5. Nf3 e5 6. Qa4 Bd7 7. Qb3 Qc7 8. d3
h6 9. Nc3 a6 10. Be3 Na5 11. Bb6 Nxb3 12. Bxc7 Nxa1 13. Bxe5 Nc2+ 14. Kd2 Nb4
15. a3 Nc6 16. Bxf6 gxf6 17. Nd5 O-O-O 18. Nxf6 Bg7 19. Nxd7 Rxd7 20. d4 Nxd4
21. Kc3 Nxf3+ 22. Kc2 Nd4+ 23. Kb1 Re8 24. Bd3 Rde7 25. Ka2 Re1 {White resigns}
0-1

[Event "Team 45 45 League T46"]
[Site "Internet Chess Club"]
[Date "2010.08.22"]
[Round "3"]
[White "NewfieKnight"]
[Black "kingsleywang"]
[Result "0-1"]
[WhiteElo "991"]
[BlackElo "1139"]
[Opening "Grünfeld: Stockholm variation"]
[ECO "D80"]
[Time "16:00:52"]
[TimeControl "2700+45"]

1. d4 Nf6 2. c4 g6 3. Nc3 d5 4. Bg5 dxc4 5. Nf3 Nd5 6. e3 Nxc3 7. bxc3 Bg7 8.
Bxc4 Be6 9. Bxe6 fxe6 10. O-O Nc6 11. c4 Rf8 12. Rb1 Qd7 13. Rxb7 Na5 14. Rb4
O-O-O 15. c5 h6 16. Ra4 hxg5 17. Rxa5 c6 18. Nxg5 e5 19. Ra4 exd4 20. exd4 Bxd4
21. Kh1 Bxf2 22. Qxd7+ Rxd7 23. Ne6 Rf6 24. Ng5 Bxc5 25. Nf3 e6 26. g3 Rdf7 27.
Kg2 Bb6 28. Rc4 Kc7 29. Rcc1 c5 30. Ng5 Rxf1 31. Rxf1 Rxf1 32. Kxf1 e5 33. Ke2
Kd6 34. h4 c4 35. g4 Ba5 36. h5 Kd5 37. h6 Bd8 38. Nf7 Bf6 39. h7 e4 40. g5 Bg7
41. Nh6 Kd4 42. Ng4 c3 43. Ne3 a5 44. Nc2+ Kc4 45. Ke3 a4 46. Kxe4 a3 47. Nxa3+
Kb4 48. Nc2+ Kc4 49. Nd4 Bxd4 50. a4 c2 {White resigns} 0-1

[Event "Team 45 45 League T46"]
[Site "Internet Chess Club"]
[Date "2010.08.23"]
[Round "3"]
[White "Deadly-Spike"]
[Black "dornoch"]
[Result "1-0"]
[WhiteElo "1645"]
[BlackElo "986"]
[Opening "Caro-Kann: classical variation"]
[ECO "B18"]
[Time "19:04:20"]
[TimeControl "2700+45"]

1. e4 c6 2. d4 d5 3. Nc3 dxe4 4. Nxe4 Bf5 5. Ng3 Bg6 6. Nf3 Nd7 7. Nh4 e6 8.
Nxg6 hxg6 9. Bf4 Ngf6 10. Bd3 Nh5 11. Nxh5 gxh5 12. g4 hxg4 13. Qxg4 Nf6 14. Qf3
Qxd4 15. O-O-O Bd6 16. Bxd6 Qxd6 17. Ba6 Qc7 18. Bc4 Nd5 19. Rhg1 Qxh2 20. Rxg7
Qh6+ 21. Kb1 Qxg7 22. Qb3 b6 23. Bxd5 cxd5 24. Qb5+ Ke7 25. c4 Rhd8 26. cxd5
Rxd5 27. Qb4+ Rc5 28. Qd2 Qg6+ 29. Ka1 Qc2 30. Qd6+ Kf6 31. Qd4+ Ke7 32. Qd6+
Kf6 33. Qd4+ e5 34. Qd6+ Kf5 35. Qd7+ Kf4 36. Qxf7+ Qf5 37. Qg7 Rc4 38. Re1 Rac8
39. Qg3# {Black checkmated} 1-0

[Event "Team 45 45 League T46"]
[Site "Internet Chess Club"]
[Date "2010.08.21"]
[Round "3"]
[White "zigzag2002"]
[Black "BrerRabbit"]
[Result "0-1"]
[WhiteElo "1626"]
[BlackElo "1575"]
[Opening "Pirc: classical, h3 system"]
[ECO "B08"]
[Time "19:03:21"]
[TimeControl "2700+45"]

1. e4 d6 2. d4 Nf6 3. Nc3 g6 4. Nf3 Bg7 5. h3 O-O 6. Bc4 Nc6 7. O-O Nxe4 8.
Bxf7+ Rxf7 9. Nxe4 d5 10. Ng3 Qd6 11. Be3 e5 12. dxe5 Nxe5 13. Ng5 Rf8 14. b3 h6
15. c4 hxg5 16. Qxd5+ Qxd5 17. cxd5 Nf7 18. Rad1 Bf5 19. Nxf5 gxf5 20. f4 gxf4
21. Bxf4 Nd6 22. Rc1 Rf7 23. Bxd6 cxd6 24. g4 fxg4 25. Rxf7 Kxf7 26. hxg4 Re8
27. Rf1+ Kg6 28. Kg2 Re2+ 29. Rf2 Rxf2+ 30. Kxf2 Kf6 31. g5+ Kxg5 32. Ke3 Kf5
33. Kd3 b5 34. a4 a6 35. axb5 axb5 36. Ke3 Ke5 37. Kd3 Kxd5 38. Kc2 Ke4 39. Kd2
Kd4 40. Kc2 Ke3 41. b4 Ke2 42. Kb3 d5 43. Kc2 d4 44. Kb3 d3 45. Ka2 d2 46. Ka3
d1=Q 47. Ka2 Qd2+ 48. Ka3 Qb2# {White checkmated} 0-1

[Event "Team 45 45 League T46"]
[Site "Internet Chess Club"]
[Date "2010.08.22"]
[Round "3"]
[White "SCUGrad"]
[Black "cazj"]
[Result "1/2-1/2"]
[WhiteElo "1433"]
[BlackElo "1339"]
[Opening "Giuoco Piano"]
[ECO "C54"]
[Time "21:00:42"]
[TimeControl "2700+45"]

1. e4 e5 2. Nf3 Nc6 3. Bc4 Bc5 4. c3 Nf6 5. d4 exd4 6. cxd4 Bb4+ 7. Bd2 Bxd2+ 8.
Nbxd2 d6 9. h3 Qe7 10. d5 Nxe4 11. O-O Nxd2 12. Qxd2 Ne5 13. Bb5+ c6 14. dxc6
Nxf3+ 15. gxf3 O-O 16. Rfe1 Qf6 17. f4 Bxh3 18. Qe3 Bc8 19. b3 a6 20. cxb7 Bxb7
21. Bd3 Bc6 22. Rac1 Rfe8 23. Qh3 h6 24. Rxe8+ Rxe8 25. Rxc6 {Game drawn by
mutual agreement} 1/2-1/2

[Event "Team 45 45 League T46"]
[Site "Internet Chess Club"]
[Date "2010.08.23"]
[Round "3"]
[White "baseball613"]
[Black "AlPearson"]
[Result "0-1"]
[WhiteElo "1260"]
[BlackElo "1456"]
[Opening "King's Indian: London system"]
[ECO "A48"]
[Time "19:02:32"]
[TimeControl "2700+45"]

1. d4 Nf6 2. Nf3 g6 3. Bf4 Bg7 4. e3 O-O 5. h3 d6 6. Be2 Nc6 7. Nbd2 Nd7 8. O-O
e5 9. Bh2 f5 10. c4 exd4 11. exd4 Nxd4 12. Nxd4 Bxd4 13. Nf3 Bxb2 14. Rb1 Bg7
15. Qd5+ Kh8 16. Nd4 Nb6 17. Qb5 Bxd4 18. Rbd1 Bd7 19. Qb3 Ba4 20. Qd3 Bg7 21.
Rd2 Bc6 22. Qc2 Qg5 23. g3 Rfe8 24. Rd4 Bxd4 {White resigns} 0-1

[Event "Team 45 45 League T46"]
[Site "Internet Chess Club"]
[Date "2010.08.20"]
[Round "3"]
[White "TheronUAL"]
[Black "iwin2"]
[Result "1-0"]
[WhiteElo "1478"]
[BlackElo "994"]
[Opening "Sicilian: Alapin's variation (2.c3)"]
[ECO "B22"]
[Time "09:30:44"]
[TimeControl "2700+45"]

1. e4 c5 2. c3 g6 3. d4 cxd4 4. cxd4 d5 5. e5 Bg7 6. Nf3 Nc6 7. Bb5 Bd7 8. Nc3
e6 9. O-O Nge7 10. Bg5 O-O 11. Qd2 f6 12. exf6 Bxf6 13. Bxf6 Rxf6 14. Qh6 Nf5
15. Qd2 a6 16. Bxc6 Bxc6 17. Ne5 Qb6 18. Rfd1 Nd6 19. b3 Raf8 20. f3 Nb5 21. Na4
Qa7 22. Nc5 Qb6 23. Ned7 Bxd7 24. Nxd7 Qxd4+ 25. Qxd4 Nxd4 26. Nxf6+ Rxf6 27.
Rxd4 b5 28. Rc1 a5 29. a3 Kg7 30. Rc5 b4 31. a4 e5 32. Rdxd5 e4 33. fxe4 Rf4 34.
Rxa5 Rxe4 35. Rab5 Rf4 36. a5 Rf6 37. Rxb4 Ra6 38. Rb6 Ra8 39. a6 h5 40. Rdd6 g5
41. Rd7+ Kf8 42. Rh6 Ke8 43. Rb7 Rd8 44. Rh8# {Black checkmated} 1-0

[Event "Team 45 45 League T46"]
[Site "Internet Chess Club"]
[Date "2010.08.23"]
[Round "3"]
[White "SeniorCitizen"]
[Black "dagambiter"]
[Result "0-1"]
[WhiteElo "1227"]
[BlackElo "1517"]
[Opening "Scandinavian defense"]
[ECO "B01"]
[Time "15:08:35"]
[TimeControl "2700+45"]

1. e4 d5 2. exd5 Nf6 3. Bb5+ c6 4. dxc6 bxc6 5. Be2 e6 6. Nf3 Bd6 7. Nc3 Bb7 8.
O-O Qc7 9. h3 Nbd7 10. d4 O-O 11. Bg5 Rfe8 12. Bxf6 Nxf6 13. Bd3 Rad8 14. Ne4
Nxe4 15. Bxe4 h6 16. c3 e5 17. dxe5 Bxe5 18. Qc2 Bf6 19. Rad1 Rb8 20. Bd3 c5 21.
Rfe1 Bxf3 22. gxf3 Qf4 23. Qd2 Rxe1+ {White resigns} 0-1

[Event "Team 45 45 League T46"]
[Site "Internet Chess Club"]
[Date "2010.08.22"]
[Round "3"]
[White "MeansToAnEnd"]
[Black "lawth3"]
[Result "1-0"]
[WhiteElo "1217"]
[BlackElo "1093"]
[Opening "QGD: Ragozin variation"]
[ECO "D38"]
[Time "13:01:33"]
[TimeControl "2700+45"]

1. d4 Nf6 2. c4 e6 3. Nf3 Bb4+ 4. Nc3 d5 5. cxd5 Nxd5 6. Bd2 O-O 7. a3 Ba5 8. b4
Nxc3 9. Bxc3 Bb6 10. e3 Nd7 11. Be2 c6 12. O-O Nf6 13. Ne5 Bc7 14. f4 Ne4 15.
Qc2 f5 16. Bd3 Qd5 17. Bxe4 Qxe4 18. Qxe4 fxe4 19. a4 b6 20. Nxc6 Rf7 21. Ne5
Rf6 22. b5 Bd6 23. Bd2 Bb7 24. Rac1 Rc8 25. Rxc8+ Bxc8 26. Nc6 a6 27. Bb4 Bxb4
28. Nxb4 axb5 29. axb5 Rg6 30. Nc6 Kf8 31. h3 h5 32. Ra1 Bb7 33. Ra7 Bxc6 34.
bxc6 e5 35. c7 Rc6 36. Rb7 Ke8 37. Rb8+ Kd7 38. Rg8 g6 39. Rg7+ Kc8 40. Re7 exd4
41. exd4 b5 42. Re5 b4 43. Rb5 Rc4 44. d5 e3 45. d6 Rc1+ 46. Kh2 e2 47. Rb8+ Kd7
48. Rd8+ Ke6 49. c8=Q+ Rxc8 50. Rxc8 Kd7 51. Rc1 Kxd6 52. Re1 Kc5 53. Rxe2 Kb5
54. Rb2 Ka4 55. Kg3 b3 56. Kh4 Ka3 57. Rxb3+ Kxb3 58. Kg5 Kc4 59. Kxg6 Kd4 60.
f5 Ke5 61. f6 Ke6 62. Kg7 Kf5 63. f7 Kg5 64. f8=Q Kh4 65. Qf4# {Black
checkmated} 1-0

[Event "Team 45 45 League T46"]
[Site "Internet Chess Club"]
[Date "2010.08.21"]
[Round "3"]
[White "dabodhi"]
[Black "wekabird"]
[Result "0-1"]
[WhiteElo "1198"]
[BlackElo "1189"]
[Opening "Caro-Kann: exchange variation"]
[ECO "B13"]
[Time "20:00:28"]
[TimeControl "2700+45"]

1. e4 c6 2. d4 d5 3. exd5 cxd5 4. Bd3 e6 5. c3 Nf6 6. Bf4 Nbd7 7. Nf3 Be7 8. O-O
O-O 9. Nbd2 b6 10. Re1 a5 11. Ne5 Nxe5 12. dxe5 Nd7 13. Qf3 Ba6 14. Bc2 Rb8 15.
Qg3 Bh4 16. Qg4 f5 17. Qh5 g6 18. Qf3 Bg5 19. Nb3 Bxf4 20. Qxf4 Nc5 21. Nd4 Qd7
22. Rad1 b5 23. Nf3 b4 24. Ng5 bxc3 25. b3 Rb4 26. Qf3 d4 27. Bd3 Bxd3 28. Rxd3
Nxd3 29. Qxd3 Qe7 30. f4 h6 31. Nf3 Rc8 32. Nh4 Kg7 33. Nf3 c2 34. Rc1 Rc3 35.
Qd2 Qc5 36. Kf1 a4 37. Ne1 axb3 38. axb3 Rbxb3 39. Nxc2 d3 40. Ra1 h5 41. Ne1
Qb4 42. Ra7+ Kh6 43. Nf3 Rb1+ 44. Kf2 Rb2 45. Ng5 Rxd2+ 46. Kg3 h4+ 47. Kxh4
Qxf4+ 48. Kh3 Qxg5 {White resigns} 0-1

[Event "Team 45 45 League T46"]
[Site "Internet Chess Club"]
[Date "2010.08.26"]
[Round "3"]
[White "guyd52"]
[Black "CoasterBrake"]
[Result "1/2-1/2"]
[WhiteElo "1204"]
[BlackElo "1231"]
[Opening "Réti: King's Indian attack (Barcza system)"]
[ECO "A07"]
[Time "16:32:49"]
[TimeControl "2700+45"]

1. g3 d5 2. Nf3 Nf6 3. Bg2 c6 4. O-O Nbd7 5. d3 e5 6. Nbd2 Bc5 7. e4 dxe4 8.
Nxe4 Nxe4 9. dxe4 O-O 10. Qe2 Re8 11. Be3 Qb6 12. Bxc5 Nxc5 13. b3 Bg4 14. h3
Bh5 15. g4 Bg6 16. Nh4 Re6 17. Kh2 h6 18. f4 exf4 19. Rxf4 Rf6 20. Nxg6 Rxg6 21.
Raf1 Qc7 22. Qf2 Ne6 23. Qg3 Nxf4 24. Rxf4 Rf6 25. Rxf6 Qxg3+ 26. Kxg3 gxf6 27.
Kf4 Re8 28. Bf1 Rd8 29. Bd3 Kg7 30. h4 b6 31. h5 b5 32. Ke3 b4 33. Kf4 a5 34.
Ke3 c5 35. Ke2 Kf8 36. Ke3 Ke7 37. Kf4 Rd6 38. Kf5 Rd7 39. Kf4 Ra7 40. e5 fxe5+
41. Kxe5 Rd7 42. Kf4 Rd5 43. Ke4 Rg5 44. Kf4 f6 45. Bf5 Rg8 46. Ke3 Rd8 47. Bd3
Rd5 48. Ke4 Re5+ 49. Kf4 Re1 50. Kf5 Kf7 51. Bc4+ Kg7 52. Bd3 Ra1 53. Ke6 Rxa2
54. Kd6 a4 55. bxa4 Rxa4 56. Kxc5 Ra1 57. Kxb4 Rg1 58. Bf5 Rg2 59. c4 Rb2+ 60.
Kc5 Kf7 61. Kd5 Rd2+ 62. Kc5 Ke7 63. Kb4 Kd6 64. Kc3 Rd1 65. Kc2 Rd4 66. Kc3 Ke5
67. c5 Kd5 68. c6 Rc4+ 69. Kd3 Rc5 70. Bd7 Kd6 71. Ke4 Ra5 {Game drawn by mutual
agreement} 1/2-1/2

[Event "Team 45 45 League T46"]
[Site "Internet Chess Club"]
[Date "2010.08.22"]
[Round "3"]
[White "Fogbound"]
[Black "hcarstens"]
[Result "1-0"]
[WhiteElo "1309"]
[BlackElo "1276"]
[Opening "Queen's pawn game"]
[ECO "D05"]
[Time "14:01:17"]
[TimeControl "2700+45"]

1. d4 d5 2. Nf3 e6 3. e3 Nf6 4. Bd3 Bb4+ 5. c3 Ba5 6. Nbd2 Nbd7 7. O-O c5 8. Qe2
c4 9. Bc2 Nb6 10. e4 Bd7 11. Re1 Ba4 12. Bb1 Nbd7 13. e5 Ng8 14. Nf1 b5 15. Ng3
b4 16. Bg5 Ne7 17. Bd2 bxc3 18. bxc3 Nb6 19. Nh5 g6 20. Nf6+ Kf8 21. Bh6# {Black
checkmated} 1-0